 Dungeon Crawl Stone Soup version 0.31.0-11-ge490571c62 (webtiles) character file.

Game seed: 9228501293203415319

2512 monsoonserge the Merchant of Misery (level 9, 0/66 HPs)
             Began as a Gnoll Necromancer on Feb 11, 2024.
             Was a Believer of Kikubaaqudgha.
             Killed by nerve-wracking pain
             ... invoked by a shadow imp
              (14 damage)
             ... on level 7 of the Dungeon.
             The game lasted 00:25:22 (6595 turns).

monsoonserge the Merchant of Misery (GnNe)          Turns: 6595, Time: 00:25:23

Health: 0/66       AC:  8    Str:  7    XL:     9   Next: 53%
Magic:  1/19       EV: 14    Int: 19    God:    Kikubaaqudgha [**....]
Gold:   345        SH: 10    Dex: 13    Spells: 13/21 levels left

rFire   . . .        K - +1 flail (heavy)
rCold   . . .        w - +0 buckler
rNeg    . . .        a - +0 robe
rPois   .            l - +0 helmet
rElec   .            c - +0 cloak
rCorr   .            (no gloves)
SInv    .            (no boots)
Will    .....        g - amulet of reflection
Stlth   +++          E - +4 ring of protection
HPRegen 0.31/turn    (no ring)
MPRegen 0.16/turn

%: reflection
@: mighty, weakened, animating dead
A: fangs 1, strong nose, distributed training
a: Renounce Religion, Unearth Wretches


You were on level 7 of the Dungeon.
You worshipped Kikubaaqudgha.
Kikubaaqudgha was pleased with you.
You visited 2 branches of the dungeon, and saw 8 of its levels.
You also visited: Ossuary.

You collected 345 gold pieces.

Inventory:

Hand Weapons
 i - a +1 vampiric dagger
 m - a +1 halberd of venom
 K - a +1 heavy flail (weapon)
Missiles
 d - 25 poisoned darts (quivered)
 f - 7 javelins
 J - a throwing net
 L - a curare-tipped dart
 M - 2 boomerangs
Armour
 a - a +0 robe (worn)
 c - a +0 cloak (worn)
 l - a +0 helmet (worn)
 r - a +0 leather armour
 w - a +0 buckler (worn)
Jewellery
 g - an amulet of reflection (around neck)
 E - a +4 ring of protection (left hand)
Wands
 D - a wand of polymorph (9)
 H - a wand of quicksilver (5)
Scrolls
 e - a scroll of silence {unknown}
 h - 4 scrolls of fog {unknown}
 j - 4 scrolls of teleportation
 k - a scroll of torment {unknown}
 n - a scroll of butterflies {unknown}
 p - 4 scrolls of identify {unknown}
 q - 2 scrolls of enchant armour {unknown}
 y - a scroll of enchant weapon {unknown}
 A - 3 scrolls of revelation {unknown}
 C - a scroll of amnesia {unknown}
 G - a scroll of poison {unknown}
Potions
 b - 3 potions of magic
 o - 2 potions of ambrosia {unknown}
 s - 2 potions of might
 t - a potion of cancellation {unknown}
 u - a potion of invisibility {unknown}
 v - a potion of resistance {unknown}
 x - a potion of attraction {unknown}
 z - 2 potions of lignification {unknown}
 B - a potion of degeneration {unknown}
 F - 3 potions of berserk rage {unknown}
 I - 2 potions of brilliance {unknown}
 N - a potion of enlightenment {unknown}
 O - a potion of curing {unknown}


   Skills:
 + Level 4.5 Fighting
 + Level 4.5 Short Blades
 + Level 4.5 Long Blades
 + Level 4.5 Axes
 + Level 4.5 Maces & Flails
 + Level 4.5 Polearms
 + Level 4.5 Staves
 + Level 4.5 Ranged Weapons
 + Level 4.5 Throwing
 + Level 4.5 Armour
 + Level 6.5 Dodging
 + Level 6.2 Stealth
 + Level 4.5 Shields
 + Level 4.5 Unarmed Combat
 + Level 6.8 Spellcasting
 + Level 3.7 Conjurations
 + Level 3.7 Hexes
 + Level 3.7 Summonings
 + Level 8.1 Necromancy
 + Level 3.7 Translocations
 + Level 3.7 Fire Magic
 + Level 3.7 Ice Magic
 + Level 3.7 Air Magic
 + Level 3.7 Earth Magic
 + Level 3.7 Alchemy
 + Level 5.0 Invocations
 + Level 4.5 Evocations
 + Level 4.1 Shapeshifting


You had 13 spell levels left.
You knew the following spells:

 Your Spells              Type           Power      Damage    Failure   Level
a - Necrotise             Necr           100%       1d9       1%          1
b - Vampiric Draining     Necr           37%        2d8       1%          3
c - Animate Dead          Necr           37%        N/A       5%          4

Your spell library contained the following spells:

 Spells                   Type           Power      Damage    Failure   Level
 Kiss of Death            Conj/Necr      100%       2d13      1%          1
 Foxfire                  Conj/Fire      80%        2x1d8     3%          1
 Cigotuvi's Dreadful Rot  Necr/Alch/Air  52%        N/A       3%          2
 Dazzling Flash           Conj/Hex       40%        N/A       11%         3
 Volatile Blastmotes      Fire/Tloc      40%        2d13      11%         3
 Curse of Agony           Necr           37%        N/A       16%         5
 Plasma Beam              Fire/Air       10%        2x1d21    99%         6
 Starburst                Conj/Fire      10%        6d5       99%         6
 Maxwell's Capacitive Co  Air            10%        ∞         100%        8


Dungeon Overview and Level Annotations

Branches:
Dungeon (7/15)             Temple (1/1) D:6         Ossuary (visited)

Altars:
Ashenzari
Cheibriados
Dithmenos
Elyvilon
Fedhas
Gozag
Hepliaklqana
Kikubaaqudgha
Makhleb
Nemelex Xobeh
Okawaru
Qazlal
Ru
Sif Muna
Trog
Uskayaw
Vehumet
Wu Jian
Xom
Yredelemnul
Zin
The Shining One

Annotations:
D:6 Grinder, Jeremiah
Temple 2 transporters


Innate Abilities, Weirdness & Mutations

You have very sharp teeth.
Your uncanny sense of smell can sniff out nearby items.
Your experience applies equally to all skills.


Message History

The gnoll bouda gazes fiercely through you!
You feel as though you will be weak longer.
You block the gnoll bouda's attack. The sky beast misses you.
The orc warrior hits you but does no damage.
The shadow imp summons a swarm of flies.
You sock the two-headed ogre!
The two-headed ogre is severely wounded.
The two-headed ogre closely misses you.
The two-headed ogre hits you with a +0 giant spiked club!
* * * LOW HITPOINT WARNING * * *
The shadow imp disappears for a moment.
The orc warrior closely misses you. You block the gnoll bouda's attack.
Your ugly thing zombie hits the two-headed ogre!
The sky beast hits you but does no damage.
Your jelly zombie hits the orc warrior but does no damage.
Your ugly thing zombie closely misses the two-headed ogre.
An orc comes into view. It is wielding a +0 dagger.
The orc warrior misses you.
The sky beast hits you but does no damage.
The gnoll bouda gazes fiercely through you!
You feel as though you will be weak longer.
You block the gnoll bouda's attack.
It was a potion of might.
You feel very mighty all of a sudden.
The two-headed ogre hits your ugly thing zombie with a +0 giant club!!
The two-headed ogre hits your ugly thing zombie with a +0 giant spiked club!!
The sky beast hits you but does no damage.
You block the gnoll bouda's attack. You block the orc warrior's attack.
Your jelly zombie hits the orc warrior but does no damage.
You thump the two-headed ogre!
You kill the two-headed ogre!
Kikubaaqudgha accepts your kill.
The dead are walking!
Your ugly thing zombie hits the gnoll bouda!
The sky beast closely misses you.
The orc warrior hits you but does no damage.
The shadow imp gestures at you. Pain shoots through your body!
You die...
Kikubaaqudgha rasps: "You have failed me!
Welcome... death!"

.... ....
#...#....
...#.#..#
.o#...#.#
........## #
..#....#
...#.#...########
..#..5#YoZ......#
......)@.######.#
#...#ZgZ.# #.#
...#?#...# ##.##
..#...#..#
###...# ...
.........#
#.....# ..#
###.######
#.#...# ... ##+##
#.##### #.#
##...## #Z#
#.##### ##.....##
#.##


You could see an orc warrior, a sky beast (ally target), a gnoll bouda
(distracted, ally target), a shadow imp, an orc, a friendly jelly zombie, a
friendly ugly thing zombie and a friendly two-headed ogre zombie.

Vanquished Creatures
  A two-headed ogre (D:7)
  An ugly thing (D:7)
  A steam dragon (D:7)
  Edmund (D:6)
  Menkaure (Ossuary)
  2 water moccasins
  A sky beast (D:7)
  An ogre (D:5)
  A phantom (D:6)
  A kobold brigand (Temple)
  3 scorpions
  2 killer bees (D:7)
  2 howler monkeys (D:7)
  3 bombardier beetles
  A hound (D:4)
  A jelly (D:7)
  2 orc priests (D:5)
  A sleepcap (D:5)
  2 iguanas
  3 mummies (Ossuary)
  13 gnolls
  8 adders
  A white imp (D:6)
  3 dart slugs
  6 orcs
  3 bats
  8 endoplasms
  4 giant cockroaches
  7 gnoll zombies (Ossuary)
  6 goblins
  6 hobgoblins
  11 jackals
  6 quokkas
  12 ball pythons
  3 frilled lizards
  7 gnoll skeletons (Ossuary)
  4 goblin skeletons (Ossuary)
  2 goblin zombies (Ossuary)
  2 hobgoblin skeletons (Ossuary)
  6 hobgoblin zombies (Ossuary)
  18 kobolds
  4 kobold skeletons (Ossuary)
  4 kobold zombies (Ossuary)
  5 orc skeletons (Ossuary)
  2 orc zombies (Ossuary)
  3 rats
  3 rat skeletons (Ossuary)
  4 rat zombies (Ossuary)
192 creatures vanquished.

Vanquished Creatures (collateral kills)
  A sky beast (D:7)
  An ogre (D:4)
  A bombardier beetle (D:4)
  A sleepcap (D:6)
  A gnoll (D:6)
  A shadow imp (D:6)
  2 orcs
  2 kobolds
10 creatures vanquished.

Vanquished Creatures (others)
  A bombardier beetle zombie (D:4)
  5 gnoll zombies
  4 jackal zombies (D:5)
  A quokka zombie (D:4)
11 creatures vanquished.

Grand Total: 213 creatures vanquished

Notes
Turn   | Place    | Note
-------+----------+-------------------------------------------
     0 | D:1      | monsoonserge the Gnoll Necromancer began the quest for the
                  | Orb.
     0 | D:1      | Reached XP level 1. HP: 13/13 MP: 6/6
   138 | D:1      | Reached XP level 2. HP: 18/19 MP: 0/7
   444 | D:1      | Reached skill level 5 in Spellcasting
   444 | D:1      | Reached XP level 3. HP: 25/25 MP: 6/9
   587 | D:1      | Learned a level 3 spell: Vampiric Draining
   723 | D:2      | You fall into a shaft and drop 2 floors!
   751 | D:3      | Reached skill level 1 in Fighting
   751 | D:3      | Reached skill level 1 in Short Blades
   751 | D:3      | Reached skill level 1 in Long Blades
   751 | D:3      | Reached skill level 1 in Axes
   751 | D:3      | Reached skill level 1 in Maces & Flails
   751 | D:3      | Reached skill level 1 in Polearms
   751 | D:3      | Reached skill level 1 in Staves
   751 | D:3      | Reached skill level 1 in Ranged Weapons
   751 | D:3      | Reached skill level 1 in Throwing
   751 | D:3      | Reached skill level 1 in Armour
   751 | D:3      | Reached skill level 1 in Shields
   751 | D:3      | Reached skill level 1 in Unarmed Combat
   751 | D:3      | Reached skill level 1 in Invocations
   751 | D:3      | Reached skill level 1 in Evocations
   751 | D:3      | Reached skill level 1 in Shapeshifting
   751 | D:3      | Reached XP level 4. HP: 30/32 MP: 11/11
   879 | D:3      | Learned a level 4 spell: Animate Dead
   882 | D:3      | Reached skill level 1 in Conjurations
   882 | D:3      | Reached skill level 1 in Hexes
   882 | D:3      | Reached skill level 1 in Summonings
   882 | D:3      | Reached skill level 1 in Translocations
   882 | D:3      | Reached skill level 1 in Fire Magic
   882 | D:3      | Reached skill level 1 in Ice Magic
   882 | D:3      | Reached skill level 1 in Air Magic
   882 | D:3      | Reached skill level 1 in Earth Magic
   882 | D:3      | Reached skill level 1 in Alchemy
  1055 | D:2      | Reached XP level 5. HP: 34/37 MP: 12/12
  2110 | D:3      | Found a stormy altar of Qazlal.
  2112 | D:3      | Noticed an air elemental
  2113 | D:3      | Noticed a water elemental
  2113 | D:3      | Noticed a fire elemental
  3030 | D:4      | Found a snail-covered altar of Cheibriados.
  3037 | D:4      | Reached XP level 6. HP: 44/44 MP: 11/14
  3079 | D:4      | Reached skill level 5 in Dodging
  3670 | D:5      | Entered Level 5 of the Dungeon
  3761 | D:5      | Reached XP level 7. HP: 36/50 MP: 6/15
  4116 | D:5      | Reached skill level 5 in Stealth
  4581 | D:6      | Noticed Jeremiah
  4756 | D:6      | Reached XP level 8. HP: 54/58 MP: 8/16
  5092 | D:6      | Found a staircase to the Ecumenical Temple.
  5092 | D:6      | Noticed Edmund
  5099 | D:6      | Killed Edmund
  5109 | Temple   | Found a transporter.
  5109 | Temple   | Found a transporter.
  5109 | Temple   | Found a transporter.
  5109 | Temple   | Found a transporter.
  5109 | Temple   | Entered the Ecumenical Temple
  5145 | Temple   | Became a worshipper of Kikubaaqudgha
  5253 | D:6      | Noticed Grinder
  5463 | D:7      | Found a sand-covered staircase.
  5477 | Ossuary  | Entered an ossuary
  5667 | Ossuary  | Reached * piety under Kikubaaqudgha
  5667 | Ossuary  | Received a gift from Kikubaaqudgha
  5949 | Ossuary  | Noticed Menkaure
  5958 | Ossuary  | Killed Menkaure
  5958 | Ossuary  | Reached ** piety under Kikubaaqudgha
  6332 | D:7      | Reached XP level 9. HP: 30/65 MP: 8/18
  6447 | D:6      | Found a shadowy altar of Dithmenos.
  6447 | D:6      | Found a shimmering altar of Xom.
  6450 | D:6      | Found a hide-covered altar of Uskayaw.
  6577 | D:7      | Noticed a two-headed ogre
  6581 | D:7      | Noticed a brown ugly thing
  6585 | D:7      | Reached skill level 8 in Necromancy
  6589 | D:7      | Killed a brown ugly thing
  6590 | D:7      | Reached skill level 5 in Invocations
  6595 | D:7      | Killed a two-headed ogre
  6595 | D:7      | Killed from afar by a shadow imp

Illustrated notes

Levels and vault maps discovered:
D:1:      dpeg_arrival_shrine, layout_rooms
D:2:      layout_loops_corners, hangedman_abyss_or_decor_stabs
D:3:      layout_basic, nicolae_qazlal_style_of_elements, minmay_crystal_water,
          grunt_ministairs_10, chequers_serial_rivers_micro_a
D:4:      layout_cave_pools, slow_altar_2, serial_column_ruins,
          column_ruins_hut, column_ruins_columns_plus, column_ruins_open_medium,
          column_ruins_open_small, column_ruins_corridor_straight,
          column_ruins_corridor_corner
D:5:      layout_rooms
D:6:      layout_rooms, nicolae_overflow_hidden_temple,
          minmay_temple_entry_ruins, grunt_ministairs_7, glass_columns_c,
          uniq_grinder, uniq_edmund, uniq_jeremiah
D:7:      cheibrodos_fzero, layout_loops_corners,
          mainiacjoe_ossuary_entry_dusty_tomb, serial_shops,
          nicolae_shop_tiny_waterfront, st_stairs_12
Temple:   hellmonk_temple_divided_pantheon

Skill      XL: |  1  2  3  4  5  6  7  8  9 |
---------------+----------------------------+-----
Spellcasting   | 5 6 |  6.8
Fighting       | 1 2 3 4 |  4.5
Short Blades   | 1 2 3 4 |  4.5
Long Blades    | 1 2 3 4 |  4.5
Axes           | 1 2 3 4 |  4.5
Maces & Flails | 1 2 3 4 |  4.5
Polearms       | 1 2 3 4 |  4.5
Staves         | 1 2 3 4 |  4.5
Ranged Weapons | 1 2 3 4 |  4.5
Throwing       | 1 2 3 4 |  4.5
Armour         | 1 2 3 4 |  4.5
Shields        | 1 2 3 4 |  4.5
Unarmed Combat | 1 2 3 4 |  4.5
Invocations    | 1 2 3 4 5 |  5.0
Evocations     | 1 2 3 4 |  4.5
Shapeshifting  | 1 2 3 4 |  4.1
Conjurations   | 1 2 3 |  3.7
Hexes          | 1 2 3 |  3.7
Summonings     | 1 2 3 |  3.7
Translocations | 1 2 3 |  3.7
Fire Magic     | 1 2 3 |  3.7
Ice Magic      | 1 2 3 |  3.7
Air Magic      | 1 2 3 |  3.7
Earth Magic    | 1 2 3 |  3.7
Alchemy        | 1 2 3 |  3.7
Dodging        | 5 6 |  6.5
Stealth        | 5 6 |  6.2
Necromancy     | 8 |  8.1

Action                     |  1- 3 |  4- 6 |  7- 9 || total
---------------------------+-------+-------+-------++-------
  Melee: Short sword       |    13 |       |       ||    13
         Dagger            |    31 |   128 |   162 ||   321
         Bite              |     3 |    19 |    39 ||    61
         Halberd           |       |    89 |       ||    89
         Flail             |       |       |   193 ||   193
         Unarmed           |       |       |     4 ||     4
   Cast: Necrotise         |    24 |     4 |     7 ||    35
         Vampiric Draining |       |     9 |    33 ||    42
         Animate Dead      |       |     5 |     7 ||    12
  Evoke: Wand              |       |       |     2 ||     2
    Use: Scroll            |       |       |     1 ||     1
         Potion            |       |       |     1 ||     1
   Stab: Sleeping          |     2 |    16 |    12 ||    30
         Distracted        |       |     3 |     4 ||     7
 Armour: Robe              |    15 |   101 |   206 ||   322
         Skin              |       |       |     1 ||     1
  Dodge: Dodged            |    27 |   121 |   194 ||   342
  Block: Other             |    12 |    19 |       ||    31
         Reflection        |       |     2 |     1 ||     3
         Buckler           |       |    49 |   215 ||   264
